 Dungeon Sprint DCSS version 0.30-a0-219-gf2db51d15e (webtiles) character file.

Game seed: 8611034560706630389

27 mhtbhm the Cudgeller (level 2, -3/39 HPs)
             Began as a Draconian Reaver on Oct 7, 2022.
             Slain by a water elemental (7 damage)
             ... in the Dungeon (Sprint III: "The Ten Rune Challenge").
             The game lasted 00:01:00 (336 turns).

mhtbhm the Cudgeller (Draconian Reaver)              Turns: 336, Time: 00:01:00

Health: -3/39      AC: 21    Str: 14    XL:     2   Next: 93%
Magic:  5/5        EV:  2    Int: 13    God:
Gold:   21         SH:  0    Dex:  9    Spells: 5/6 levels left

rFire   . . .      SeeInvis .    a - +0 mace
rCold   . . .      Faith    .    (no shield)
rNeg    . . .      Spirit   .    (body armour unavailable)
rPois   +          Reflect  .    (helmet currently unavailable)
rElec   .          Harm     .    (cloak currently unavailable)
rCorr   .          Rampage  .    (gloves currently unavailable)
Will    .....      NoTele   +    (boots currently unavailable)
Stlth   +.........               (no amulet)
HPRegen 0.26/turn                (no ring)
MPRegen 0.09/turn                (no ring)

@: tree-form, engulfed, hasted, very quick
A: stationary, stasis, torment immunity, boosted hp, AC +4, unfitting armour,
(cold-blooded)
a: no special abilities


You were in the Dungeon.
You were a tree.
You visited 1 branch You collected 21 gold pieces.

Inventory:

Hand Weapons
 a - a +0 mace (weapon)
Scrolls
 g - a scroll of blinking
 i - a scroll of poison
 j - a scroll of identify {unknown}
 l - a scroll of butterflies {unknown}
Potions
 b - 2 potions of curing
 e - 2 potions of magic
 f - 3 potions of mutation {unknown}
 h - 2 potions of lignification
 k - 2 potions of flight


   Skills:
 + Level 3.0 Fighting
 + Level 4.6 Maces & Flails
 + Level 2.3 Dodging
 + Level 0.1 Stealth
 + Level 2.6 Spellcasting
 + Level 4.4 Conjurations


You had 5 spell levels left.
You knew the following spells:

 Your Spells              Type           Power      Damage    Failure   Level
a - Kiss of Death         Conj/Necr      28%        2d7       10%         1

Your spell library contained the following spells:

 Spells                   Type           Power      Damage    Failure   Level
 Momentum Strike          Conj/Tloc      14%        3d8       14%         2
 Hailstorm                Conj/Ice       7%         3d4       28%         3


Dungeon Overview and Level Annotations

Branches:
Dungeon (1/1)

Altars:


Innate Abilities, Weirdness & Mutations

You are a tree.
Your roots penetrate the ground, keeping you stationary.
You cannot be teleported.
You are immune to unholy pain and torment.
Your maximum health is greatly increased.
Your equipment is partially melded.
((Your plain brown scales are hard. (AC +4)))
You cannot fit into any form of body armour.
((You are cold-blooded and may be slowed by cold attacks.))


Message History

The water elemental is lightly damaged.
The water elemental closely misses you.
You hit the water elemental but do no damage.
The water elemental is lightly damaged.
You hit the water elemental.
The water elemental is lightly damaged.
The water elemental hits you!
Ouch! That really hurt!
You feel much better.
It was a potion of lignification.
You turn into a tree.
Your roots penetrate the ground.
You barely miss the water elemental.
The water elemental is lightly damaged.
The water elemental hits you!
The water elemental engulfs you in water!
You barely miss the water elemental.
The water elemental is lightly damaged.
You hit the water elemental.
The water elemental is lightly damaged.
The water elemental hits you.
You hit the water elemental.
The water elemental is lightly damaged.
The water elemental hits you.
You hit the water elemental.
The water elemental is moderately damaged.
The water elemental hits you.
You hit the water elemental but do no damage.
The water elemental is moderately damaged.
You hit the water elemental.
The water elemental is heavily damaged.
The water elemental hits you!
* * * LOW HITPOINT WARNING * * *
You hit the water elemental.
The water elemental is heavily damaged.
The water elemental hits you.
* * * LOW HITPOINT WARNING * * *
You hit the water elemental.
The water elemental is severely damaged.
The water elemental hits you!
You die...

▓#'####....♣♣♣ ♣♣.#
▓.....#....~♣♣ ♣..###+#+##
▓.....#...~~.♣ ♣.#.......
▓....)#..~~~~♣♣♣♣.'.⌠.....
▓####'#..~≈≈~~~♣..#...####
▓.....#.~~≈~~~....#.⌠.#
▓...†.#.~≈~~~.....#...#
▓.....#.~~~.......#+###
▓'#####...♣E......#
▓.........÷.......#
▓▓▓▓▓▓▓▓▓▓▓▓▓▓▓▓▓▓▓


You could see a water elemental.

Vanquished Creatures
  A human (D)
  A phantom (D)
  2 endoplasms (D)
  2 rats (D)
6 creatures vanquished.

Notes
Turn   | Place    | Note
-------+----------+-------------------------------------------
     0 | D        | mhtbhm the Draconian Reaver began the quest for the Orb.
     0 | D        | Reached XP level 1. HP: 17/17 MP: 3/3
   121 | D        | Reached XP level 2. HP: 25/25 MP: 3/5
   310 | D        | Noticed a water elemental
   336 | D        | Slain by a water elemental

Illustrated notes

Levels and vault maps discovered:
D:        dungeon_sprint_mu [sprint_mu_entry_forest, sprint_mu_temple_rooms,
          sprint_mu_d1_horrors, sprint_mu_d2_genie, sprint_mu_d3_branching,
          sprint_mu_orc_legion, sprint_mu_elf_gauntlet, sprint_mu_hive_nellie,
          sprint_mu_lair_fedhas, sprint_mu_vaults_butterflies,
          sprint_mu_slime_circle, sprint_mu_swamp_cave, sprint_mu_snake_twists,
          sprint_mu_blade_basic, sprint_mu_crypt_lich, sprint_mu_tomb_spiral,
          sprint_mu_vestibule_basic, sprint_mu_gehenna_hellfire,
          sprint_mu_dis_giant, sprint_mu_tartarus_statrot,
          sprint_mu_cocytus_islands, sprint_mu_zot1]

Skill      XL: |  1  2 |
---------------+-------+-----
Dodging        | 2 |  2.3
Maces & Flails | 4 |  4.6
Conjurations   | 4 |  4.4
Fighting       | 3 |  3.0
Stealth        | |  0.1
Spellcasting   | |  2.6

Action                   || total
-------------------------++-------
Melee: Mace              ||    35
       Tailslap          ||     2
  Use: Potion            ||     4
       Scroll            ||     1
Armor: Skin              ||     5
Dodge: Dodged            ||    13

Table legend: (Time is in decaauts)
 A = Elapsed time spent in this place.
 B = Non-inter-level travel time spent in this place.
 C = Inter-level travel time spent in this place.
 D = Time resting spent in this place.
 E = Time spent auto-exploring this place.
 F = Levels seen in this place.
 G = Mean time per level.
                   A        B        C        D        E       F      G
               +--------+--------+--------+--------+--------+-----+--------+
         Total |    345 |    345 |      0 |    222 |      1 |   1 |  345.0 |
       Dungeon |    345 |    345 |      0 |    222 |      1 |   1 |  345.0 |
               +--------+--------+--------+--------+--------+-----+--------+

Top non-repeatable levels by time:
       D: 345 daAuts
